 Dungeon Crawl Stone Soup version 0.28-a0-630-g0357d9c091 (webtiles) character file.

Game seed: 14831591169076010218

1229 Ijustatesigmund the Shield-Bearer (level 8, -2/100 HPs)
             Began as a Gnoll Fighter on Oct 9, 2021.
             Slain by a two-headed ogre (25 damage)
             ... on level 6 of the Dungeon.
             The game lasted 00:10:22 (4210 turns).

Ijustatesigmund the Shield-Bearer (Gnoll Fighter)   Turns: 4210, Time: 00:10:22

Health: -2/100     AC: 17    Str: 21    XL:     8   Next: 48%
Magic:  12/12      EV: 13    Int: 10    God:
Gold:   557        SH:  8    Dex: 26    Spells: 13/13 levels left

rFire   . . .      SeeInvis .   a - +1 war axe
rCold   . . .      Faith    .   c - +1 buckler
rNeg    . . .      Spirit   .   b - +1 ring mail "Opset" {rElec Str+6 Dex+8 Stlth-}
rPois   +          Reflect  .   f - +2 helmet
rElec   +          Harm     .   (no cloak)
rCorr   .          Rampage  +   t - +2 pair of gloves {archery}
Will    .....                   o - +2 pair of boots {rampage}
Stlth   ..........              (no amulet)
HPRegen 0.26/turn               r - ring of poison resistance
MPRegen 0.13/turn               y - +6 ring of dexterity

@: berserking, studying Translocations, very quick
A: fangs 1, strong nose, distributed training
a: no special abilities


You were on level 6 of the Dungeon.
You visited 1 branch of the dungeon, and saw 6 of its levels.
You also visited: Ossuary.

You collected 1274 gold pieces.
You spent 717 gold pieces at shops.

Inventory:

Hand Weapons
 a - a +1 war axe (weapon)
Armour
 b - the +1 ring mail "Opset" (worn) {rElec Str+6 Dex+8 Stlth-}
   (You found it on level 4 of the Dungeon)

   Str:       It affects your strength (+6).
   Dex:       It affects your dexterity (+8).
   rElec:     It insulates you from electricity.
   Stlth:     It makes you less stealthy.
 c - a +1 buckler (worn)
 f - a +2 helmet (worn)
 o - a +2 pair of boots of rampaging (worn)
 t - a +2 pair of gloves of archery (worn)
Jewellery
 i - a ring of fire
 l - a ring of flight
 r - a ring of poison resistance (left hand)
 u - a ring of see invisible
 y - a +6 ring of dexterity (right hand)
 z - a +6 ring of strength
 C - a ring of positive energy
Wands
 k - a wand of flame (7)
 B - a wand of charming (7)
Scrolls
 q - 3 scrolls of teleportation
 s - 4 scrolls of identify
 x - a scroll of enchant weapon
 A - a scroll of amnesia
Potions
 d - 2 potions of might
 e - 3 potions of curing
 g - a potion of berserk rage
 h - a potion of cancellation
 j - 3 potions of lignification
 m - 2 potions of brilliance
 n - a potion of mutation
 p - 2 potions of heal wounds
 v - 2 potions of haste
 w - a potion of flight


   Skills:
 + Level 7.4 Fighting
 + Level 3.3 Short Blades
 + Level 3.3 Long Blades
 + Level 5.7 Axes
 + Level 3.3 Maces & Flails
 + Level 3.3 Polearms
 + Level 3.3 Staves
 + Level 3.3 Slings
 + Level 3.3 Bows
 + Level 3.3 Crossbows
 + Level 3.3 Throwing
 + Level 7.4 Armour
 + Level 3.3 Dodging
 + Level 3.3 Stealth
 + Level 7.4 Shields
 + Level 3.3 Unarmed Combat
 + Level 3.3 Spellcasting
 + Level 2.7 Conjurations
 + Level 2.7 Hexes
 + Level 2.7 Summonings
 + Level 2.7 Necromancy
 + Level 3.8 Translocations
 + Level 2.7 Transmutations
 + Level 2.7 Fire Magic
 + Level 2.7 Ice Magic
 + Level 2.7 Air Magic
 + Level 2.7 Earth Magic
 + Level 2.7 Poison Magic
 + Level 3.6 Invocations
 + Level 3.3 Evocations


You had 13 spell levels left.
You didn't know any spells.
Your spell library was empty.

Dungeon Overview and Level Annotations

Branches:
Dungeon (6/15)            Ossuary (visited)
 Temple: D:4-7

Altars:
Ashenzari
Dithmenos
Makhleb
Nemelex Xobeh
Okawaru
Qazlal
Sif Muna
Trog
Yredelemnul
The Shining One

Shops:
D:1 *

Annotations:
D:5 3 runed translucent doors, hemabe71's ghost, novice HuAr


Innate Abilities, Weirdness & Mutations

You have very sharp teeth.
Your uncanny sense of smell can sniff out nearby items.
Your experience applies equally to all skills.


Message History

Found 10 gold pieces.
You rampage towards the adder!
You closely miss the adder. The adder bites you but does no damage.
You closely miss the adder. You block the adder's attack. x2
You slash the adder!
The adder is severely wounded.
The adder completely misses you.
A two-headed ogre comes into view. It is wielding two +0 giant clubs.
You completely miss the adder.
The adder is severely wounded.
The adder bites you but does no damage. You block the adder's attack.
The two-headed ogre shouts in stereo!
You slash the adder!
You kill the adder!
You rampage towards the two-headed ogre!
You rampage towards the two-headed ogre!
Found a glowing golden altar of the Shining One.
You hit the two-headed ogre.
The two-headed ogre is lightly wounded.
The two-headed ogre hits you with a +0 giant club! x2
You hit the two-headed ogre but do no damage.
The two-headed ogre is lightly wounded.
The two-headed ogre misses you. x2
You hit the two-headed ogre but do no damage.
The two-headed ogre is lightly wounded.
The two-headed ogre hits you with a +0 giant club.
The two-headed ogre hits you but does no damage.
You are too injured to fight recklessly!
You are too injured to fight recklessly!
A two-headed ogre is nearby!
Unknown command.
Okay, then.
A red film seems to cover your vision as you go berserk!
You feel yourself moving faster!
You feel mighty!
The two-headed ogre hits you with a +0 giant club! x2
* * * LOW HITPOINT WARNING * * *
You slice the two-headed ogre!!
The two-headed ogre is heavily wounded.
The two-headed ogre hits you with a +0 giant club!!
You die...

##.....##.. ###....
_####.........## $.#....
... #..........# #......
..♣##.........## .......
...##....^.[.#.+ #.>...?
..♣ #..........+
.......####'####..........#
.#..............<....†....#
..........@O..#.#.....#...#
............###......###..#
#...........#.........###..
##..........#..........# ##
#)...#.##.............#
#..####.###............# ##
#.#####.###............# #.
.......................# #.
._..PPPP..####.....))).###.


You could see a two-headed ogre.

Vanquished Creatures
  A sky beast (D:6)
  A phantom (D:5)
  2 elf zombies (Ossuary)
  3 scorpions
  A water moccasin skeleton (D:5)
  A bullfrog zombie (D:5)
  6 centaur zombies (Ossuary)
  A hound (D:4)
  2 jellies (D:6)
  4 human zombies (Ossuary)
  2 bullfrog skeletons (D:5)
  2 orc wizards (D:6)
  3 mummies (Ossuary)
  5 adders
  A white imp (D:5)
  3 worms
  4 dart slugs
  11 orcs
  4 ball pythons
  4 bats
  2 endoplasms
  2 giant cockroaches
  6 goblins
  5 hobgoblins
  3 jackals (D:4)
  A quokka (D:1)
  2 frilled lizards
  4 kobolds
  An orc zombie (D:4)
  2 rats (D:2)
89 creatures vanquished.

Vanquished Creatures (others)
  2 plants (D:1)
2 creatures vanquished.

Grand Total: 91 creatures vanquished

Notes
Turn   | Place    | Note
-------+----------+-------------------------------------------
     0 | D:1      | Ijustatesigmund the Gnoll Fighter began the quest for the
                  | Orb.
     0 | D:1      | Reached XP level 1. HP: 23/23 MP: 1/1
   115 | D:1      | Reached XP level 2. HP: 25/29 MP: 2/2
   389 | D:1      | Found a faded altar of an unknown god.
   433 | D:1      | Found Nagap's Assorted Antiques.
  1009 | D:2      | Reached XP level 3. HP: 26/35 MP: 3/3
  1154 | D:2      | Reached skill level 1 in Invocations
  1261 | D:2      | Found a sparkling altar of Nemelex Xobeh.
  1347 | D:2      | Identified a scroll of acquirement
  1347 | D:2      | Acquired 1086 gold pieces
  1671 | D:1      | Bought an ivory wand for 120 gold pieces
  1671 | D:1      | Bought a scroll labelled WALICWIRHA for 30 gold pieces
  1671 | D:1      | Bought a pair of glowing boots for 225 gold pieces
  1671 | D:1      | Bought a scroll labelled TOUSIDW EBUL for 30 gold pieces
  1671 | D:1      | Bought a scroll labelled VUBUBE WYISUOT for 30 gold pieces
  1671 | D:1      | Bought a pair of embroidered gloves for 225 gold pieces
  1671 | D:1      | Bought a scroll labelled GEFADI RENE for 30 gold pieces
  1671 | D:1      | Bought a viscous ruby potion for 27 gold pieces
  2068 | D:3      | Reached skill level 1 in Short Blades
  2068 | D:3      | Reached skill level 1 in Long Blades
  2068 | D:3      | Reached skill level 1 in Maces & Flails
  2068 | D:3      | Reached skill level 1 in Polearms
  2068 | D:3      | Reached skill level 1 in Staves
  2068 | D:3      | Reached skill level 1 in Slings
  2068 | D:3      | Reached skill level 1 in Bows
  2068 | D:3      | Reached skill level 1 in Crossbows
  2068 | D:3      | Reached skill level 1 in Throwing
  2068 | D:3      | Reached skill level 1 in Dodging
  2068 | D:3      | Reached skill level 1 in Stealth
  2068 | D:3      | Reached skill level 1 in Unarmed Combat
  2068 | D:3      | Reached skill level 1 in Spellcasting
  2068 | D:3      | Reached skill level 1 in Evocations
  2258 | D:3      | Found a shimmering blue altar of Sif Muna.
  2347 | D:3      | Reached XP level 4. HP: 41/41 MP: 5/5
  2541 | D:3      | Found a burning altar of Makhleb.
  2542 | D:3      | Found a stormy altar of Qazlal.
  2542 | D:3      | Found a shadowy altar of Dithmenos.
  2545 | D:3      | Found a bloodstained altar of Trog.
  2832 | D:4      | Acquired a manual of Translocations
  2843 | D:4      | Identified the +1 ring mail "Opset" {rElec Str+6 Dex+8
                  | Stlth-}
  2909 | D:4      | Reached skill level 1 in Conjurations
  2909 | D:4      | Reached skill level 1 in Hexes
  2909 | D:4      | Reached skill level 1 in Summonings
  2909 | D:4      | Reached skill level 1 in Necromancy
  2909 | D:4      | Reached skill level 1 in Translocations
  2909 | D:4      | Reached skill level 1 in Transmutations
  2909 | D:4      | Reached skill level 1 in Fire Magic
  2909 | D:4      | Reached skill level 1 in Ice Magic
  2909 | D:4      | Reached skill level 1 in Air Magic
  2909 | D:4      | Reached skill level 1 in Earth Magic
  2909 | D:4      | Reached skill level 1 in Poison Magic
  2934 | D:4      | Noticed a scorpion
  2940 | D:4      | Killed a scorpion
  2941 | D:4      | Reached XP level 5. HP: 47/47 MP: 5/7
  2968 | D:4      | Found a sand-covered staircase.
  2985 | Ossuary  | Entered an ossuary
  3019 | Ossuary  | Reached XP level 6. HP: 50/53 MP: 8/8
  3030 | Ossuary  | Reached skill level 5 in Axes
  3057 | Ossuary  | Reached XP level 7. HP: 58/59 MP: 10/10
  3501 | D:5      | Entered Level 5 of the Dungeon
  3566 | D:5      | Noticed hemabe71's ghost (novice HuAr)
  3656 | D:5      | Reached XP level 8. HP: 66/67 MP: 12/12
  3901 | D:5      | Found a runed translucent gate.
  3901 | D:5      | Found a runed translucent gate.
  3901 | D:5      | Found a runed translucent gate.
  4006 | D:6      | Found an iron altar of Okawaru.
  4025 | D:6      | Found a broken altar of Ashenzari.
  4193 | D:6      | Found a basalt altar of Yredelemnul.
  4202 | D:6      | Noticed a two-headed ogre
  4206 | D:6      | Found a glowing golden altar of the Shining One.
  4210 | D:6      | Slain by a two-headed ogre

Illustrated notes

Levels and vault maps discovered:
D:1:      eino_arrival_cavern_b, layout_loops_ring,
          shapermc_ecumenical_altar_ellora, serial_shops,
          nicolae_shop_overgrown_old_shop
D:2:      layout_rooms, basic_altar, serial_bayou_pond_e,
          minmay_fractal_squares_gapless_5
D:3:      layout_loops_corners, lemuel_blue_sif_altar, minitemple,
          minmay_misc_feat_nine_boxes
D:4:      layout_cave_pools, enter_ossuary_3
D:5:      layout_rooms, gammafunk_ghost_icy
D:6:      layout_rooms, marbit_many_paths, tso_altar,
          mainiacjoe_overflow_boulevard, mainiacjoe_overflow_alcove_2,
          cheibrodos_ashenzari_chains, temple_fountains, kennysheep_cross_room,
          minmay_fountain_box

Skill      XL: |  1  2  3  4  5  6  7  8 |
---------------+-------------------------+-----
Invocations    | 1 2 3 |  3.6
Short Blades   | 1 2 3 |  3.3
Long Blades    | 1 2 3 |  3.3
Maces & Flails | 1 2 3 |  3.3
Polearms       | 1 2 3 |  3.3
Staves         | 1 2 3 |  3.3
Slings         | 1 2 3 |  3.3
Bows           | 1 2 3 |  3.3
Crossbows      | 1 2 3 |  3.3
Throwing       | 1 2 3 |  3.3
Dodging        | 1 2 3 |  3.3
Stealth        | 1 2 3 |  3.3
Unarmed Combat | 1 2 3 |  3.3
Spellcasting   | 1 2 3 |  3.3
Evocations     | 1 2 3 |  3.3
Conjurations   | 1 2 |  2.7
Hexes          | 1 2 |  2.7
Summonings     | 1 2 |  2.7
Necromancy     | 1 2 |  2.7
Translocations | 1 2 3 |  3.8
Transmutations | 1 2 |  2.7
Fire Magic     | 1 2 |  2.7
Ice Magic      | 1 2 |  2.7
Air Magic      | 1 2 |  2.7
Earth Magic    | 1 2 |  2.7
Poison Magic   | 1 2 |  2.7
Axes           | 5 |  5.7
Fighting       | 7 |  7.4
Armour         | 7 |  7.4
Shields        | 7 |  7.4

Action                   |  1- 3 |  4- 6 |  7- 9 || total
-------------------------+-------+-------+-------++-------
Melee: War axe           |    84 |    76 |   122 ||   282
       Bite              |     9 |    15 |    19 ||    43
  Use: Scroll            |    14 |     4 |     4 ||    22
       Potion            |       |       |     1 ||     1
Armor: Scale mail        |    38 |     8 |       ||    46
       Ring mail         |       |    49 |    75 ||   124
Dodge: Dodged            |    41 |    33 |    70 ||   144
Block: Buckler           |     9 |    28 |    39 ||    76

Table legend: (Time is in decaauts)
 A = Elapsed time spent in this place.
 B = Non-inter-level travel time spent in this place.
 C = Inter-level travel time spent in this place.
 D = Time resting spent in this place.
 E = Time spent auto-exploring this place.
 F = Levels seen in this place.
 G = Mean time per level.
                   A        B        C        D        E       F      G
               +--------+--------+--------+--------+--------+-----+--------+
         Total |   4281 |   3998 |    283 |    178 |   3081 |   7 |  611.6 |
       Dungeon |   4091 |   3808 |    283 |    166 |   3002 |   6 |  681.8 |
       Ossuary |    189 |    189 |      0 |     12 |     79 |   1 |  189.0 |
               +--------+--------+--------+--------+--------+-----+--------+

Top non-repeatable levels by time:
     D:1: 1197 daAuts
     D:3: 946 daAuts
     D:2: 684 daAuts
     D:4: 532 daAuts
     D:5: 435 daAuts
     D:6: 294 daAuts
 Ossuary: 189 daAuts
